 Dungeon Crawl Stone Soup version 0.30-a0-142-g7370640ec8 (webtiles) character file.

Game seed: 12010448174831301455

25 qw the Shield-Bearer (level 3, 0/23 HPs)
             Began as a Gargoyle Fighter on Sept 26, 2022.
             Slain by a goblin
             ... wielding a +0 club
             ... led by Robin
              (1 damage)
             ... on level 2 of the Dungeon.
             The game lasted 00:00:14 (566 turns).

qw the Shield-Bearer (Gargoyle Fighter)              Turns: 566, Time: 00:00:15

Health: 0/23       AC: 11    Str: 21    XL:     3   Next: 4%
Magic:  3/3        EV:  9    Int:  8    God:
Gold:   52         SH:  4    Dex:  9    Spells: 2/2 levels left

rFire   . . .      SeeInvis .    Y - +0 war axe
rCold   . . .      Faith    .    c - +0 buckler
rNeg    + . .      Spirit   .    b - +0 scale mail
rPois   inf        Reflect  .    j - +1 hat
rElec   +          Harm     .    (no cloak)
rCorr   .          Rampage  .    (no gloves)
Will    .....                    (no boots)
Stlth   ..........               (no amulet)
HPRegen 0.07/turn                (no ring)
MPRegen 0.08/turn                (no ring)

@: no status effects
A: sickness immunity, AC +3, negative energy resistance 1, electricity
resistance, torment resistance 1, petrification resistance
a: no special abilities


You were on level 2 of the Dungeon.
You visited 1 branch of the dungeon, and saw 2 of its levels.

You collected 52 gold pieces.


Innate Abilities, Weirdness & Mutations

You are immune to sickness and miasma.
Your stone body is resilient. (AC +3)
You are immune to poison.
You resist negative energy. (rN+)
You are resistant to electric shocks. (rElec)
You are resistant to unholy torment.
You are immune to petrification.


   Skills:
 - Level 3.2 Fighting
 + Level 3.1 Axes
 - Level 3.2 Armour
 - Level 3.2 Shields


You had 2 spell levels left.
You didn't know any spells.
Your spell library was empty.

Inventory:

Hand Weapons
 e - a +0 club
 Y - a +0 war axe (weapon)
Armour
 b - a +0 scale mail (worn)
 c - a +0 buckler (worn)
 j - a +1 hat (worn)
Potions
 a - a potion of degeneration {unknown}
 d - a potion of might
 f - a potion of resistance {unknown}
 g - a potion of magic {unknown}
 i - a potion of brilliance {unknown}

Dungeon Overview and Level Annotations

Branches:
Dungeon (2/15)

Altars:

Annotations:
D:2 Robin


Message History

The hobgoblin hits you. The goblin hits you but does no damage.
The goblin hits you with a +0 club. The goblin hits you but does no damage.
You block the hobgoblin's attack. The goblin hits you but does no damage.
You block the goblin's attack.
The goblin unwields a +0 sling.
The goblin wields a +0 dagger.
You block the goblin's attack.
You hit the hobgoblin.
You kill the hobgoblin!
You barely miss the goblin. x2; You closely miss the goblin.
You barely miss the goblin. x2; You hit the goblin.
You kill the goblin!
You block the goblin's attack. x2
A goblin comes into view. It is wielding a +0 club.
The goblin hits you but does no damage.
You have reached level 3!
Your experience leads to an increase in your attributes!
Increase (S)trength, (I)ntelligence, or (D)exterity?
You feel stronger. x2
You barely miss the adder. You closely miss the goblin. You hit the goblin.
You kill the goblin!
You closely miss the goblin. You hit the goblin. You barely miss the goblin.
The adder bites you but does no damage. The goblin barely misses you.
Robin drinks a potion.
Robin seems to speed up.
The goblin hits you with a +0 club. The goblin misses you.
The goblin hits you but does no damage. The adder barely misses you.
You block the goblin's attack. x2; The goblin hits you but does no damage.
Robin roars a battlecry!
The goblin goes into a battle-frenzy!
The goblin hits you but does no damage. The goblin hits you with a +0 club.
You completely miss the goblin.
The goblin is heavily wounded.
You hit the goblin.
You kill the goblin!
You miss the goblin. You barely miss the adder. You slash the goblin!
You kill the goblin!
You barely miss the goblin. You hit the goblin.
You kill the goblin!
The adder bites you but does no damage. The goblin hits you with a +0 club.
You block the goblin's attack. You block the ball python's attack.
The ball python closely misses you. The goblin hits you with a +0 club.
You die...

........#.##.#
......###.#..##
.###.# #.#...##
#. #....(.## .
#.......# .#
#.......#
#...$...#
#####.))g.##
......g@g..#
.....gSS)..#
........?..#
..........##
...g.....##
.......###
....... .......


You could see Robin (fast), an adder, 4 goblins and a ball python.

Vanquished Creatures
  A ball python (D:1)
  3 endoplasms (D:1)
  A giant cockroach (D:1)
  9 goblins
  4 hobgoblins
  2 quokkas (D:1)
  2 bats (D:1)
  2 rats (D:1)
24 creatures vanquished.

Notes
Turn   | Place    | Note
-------+----------+-------------------------------------------
     0 | D:1      | qw the Gargoyle Fighter began the quest for the Orb.
     0 | D:1      | Reached XP level 1. HP: 14/14 MP: 1/1
     0 | D:1      | 0 ||| qw: Version: 0.2-a-10-g399e6c4
     0 | D:1      | 0 ||| qw: Game counter: 443
     0 | D:1      | 0 ||| qw: Always use a shield: true
     0 | D:1      | 0 ||| qw: God list: Okawaru
     0 | D:1      | 0 ||| qw: Allow faded altars: false
     0 | D:1      | 0 ||| qw: Do Orc after D:15 true
     0 | D:1      | 0 ||| qw: Do second Lair branch before Depths: true
     0 | D:1      | 0 ||| qw: Lair rune preference: random
     0 | D:1      | 0 ||| qw: Plans: Normal, Zot:1-4, God:TSO, Crypt, Tomb,
                  | Pan, Slime:5, Hells, Abyss, Orb
     0 | D:1      | 0 ||| PLANNING D:1-11
   151 | D:1      | Reached XP level 2. HP: 19/19 MP: 2/2
   535 | D:1      | 535 ||| UPGRADING to +1 hat.
   540 | D:1      | 540 ||| READING scroll labelled IGGUANW FYRUE.
   559 | D:2      | Noticed Robin
   563 | D:2      | Reached skill level 3 in Axes
   565 | D:2      | Reached XP level 3. HP: 9/23 MP: 3/3
   565 | D:2      | HP: 5/23 [goblin/+0 club[Robin] (4)]
   566 | D:2      | HP: 1/23 [goblin/+0 club[Robin] (2)]
   566 | D:2      | Slain by a goblin

Levels and vault maps discovered:
D:1:      scummos_arrival_gate, layout_basic
D:2:      layout_rooms, uniq_robin, uniq_terence

Skill      XL: |  1  2 |
---------------+-------+-----
Axes           | 2 3 |  3.1
Fighting       | |  3.2
Armour         | |  3.2
Shields        | |  3.2

Action                   || total
-------------------------++-------
Melee: War axe           ||    43
  Use: Scroll            ||     1
Armor: Scale mail        ||    24
Dodge: Dodged            ||    27
Block: Buckler           ||    16

Table legend:
 A = Non-vault XP
 B = Vault XP
 C = Vault XP percentage of total XP
 D = Non-vault monster count
 E = Vault monster count
 F = Vault count percentage of total count
                 A         B        C        D         E       F
            +---------+---------+-------+---------+---------+-------
      Total |      28 |      12 |  30.0 |      16 |       8 |  33.3
            +---------+---------+-------+---------+---------+-------
        D:1 |      26 |       0 |   0.0 |      15 |       0 |   0.0
        D:2 |       2 |      12 |  85.7 |       1 |       8 |  88.9
            +---------+---------+-------+---------+---------+-------
